 Dungeon Crawl Stone Soup version 0.25-a0-781-gc44aebf4fe (webtiles) character file.

Game seed: 8499344578451283513, levelgen mode: deterministic

21 Maedhros the Charlatan (level 2, 0/18 HPs)
             Began as an Octopode Artificer on Apr 15, 2020.
             Killed by nerve-wracking pain
             ... invoked by an orc priest
              (9 damage)
             ... on level 3 of the Dungeon.
             The game lasted 00:00:52 (485 turns).

Maedhros the Charlatan (Octopode Artificer)          Turns: 485, Time: 00:00:52

Health: 0/18       AC:  1    Str: 11    XL:     2   Next: 87%
Magic:  4/4        EV: 13    Int: 13    God:
Gold:   49         SH:  0    Dex: 12    Spells: 1/1 levels left

rFire    . . .     SeeInvis .   a - +0 short sword
rCold    . . .     Gourm    .   (no shield)
rNeg     . . .     Faith    .   (helmet restricted)
rPois    .         Spirit   .   (no amulet)
rElec    .         Reflect  .   j - ring of teleportation (curse)
rCorr    .         Harm     .   (no ring)
MR       .....     Rnd*Tele +   (no ring)
Stlth    +++.......             (no ring)
HPRegen  0.06/turn              (no ring)
MPRegen  0.09/turn              (no ring)
                                (no ring)
                                (no ring)

@: no status effects
A: almost no armour, stealthy swim, amphibious, 8 rings, constrict 8, camouflage
1, gelatinous body 1
a: no special abilities


You were on level 3 of the Dungeon.
You were not hungry.

You visited 1 branch of the dungeon, and saw 3 of its levels.

You collected 49 gold pieces.

Inventory:

Hand Weapons
 a - a +0 short sword (weapon)
Missiles
 i - 6 atropa-tipped darts (quivered)
Jewellery
 e - an uncursed ring of fire
 j - a cursed ring of teleportation (left tentacle)
Wands
 b - a wand of flame (15)
 c - a wand of enslavement (14)
 d - a wand of random effects (11)
Scrolls
 g - a scroll of magic mapping {unknown}
 h - a scroll of fog {unknown}
 k - a scroll of immolation {unknown}
Potions
 l - 3 potions of berserk rage {unknown}
 m - 2 potions of brilliance {unknown}
Comestibles
 f - 2 rations


   Skills:
 - Level 1.0 Fighting
 - Level 1.0 Short Blades
 - Level 2.0 Dodging
 + Level 2.4 Stealth
 * Level 1.9 Unarmed Combat
 - Level 3.2 Evocations


You had one spell level left.
You didn't know any spells.
Your spell library was empty.

Dungeon Overview and Level Annotations

Branches:
Dungeon (3/15)

Altars:


Innate Abilities, Weirdness & Mutations

You cannot wear most types of armour.
You are very stealthy in the water. (Stealth+)
You are amphibious.
You can wear up to eight rings at the same time.
You can use your tentacles to constrict eight enemies at once.
Your skin changes colour to match your surroundings (Stealth+).
Your rubbery body absorbs attacks. (AC +1, EV +1)


Message History

Press: ? - help, Shift-Dir - straight line, f - ogre
Aim: an ogre, wielding a +0 giant club The puff of flame hits the orc priest.
The orc priest is heavily wounded.
The jackal barks!
You hear a shout!
The orc priest mumbles some strange prayers to Beogh against you.
Pain shoots through your body!
Evoke which item? (* to show all) (? for menu, Esc to quit)
Aiming: Random Effects
Press: ? - help, Shift-Dir - straight line, f/p - ogre
Aim: an ogre, wielding a +0 giant club The bolt of poison misses the orc priest.
The bolt of poison hits the goblin!
You kill the goblin!
The bolt of poison hits the ogre!!
The ogre is poisoned.
The ogre is severely wounded.
The orc priest calls down the wrath of Beogh upon you.
Pain shoots through your body!
Ouch! That really hurt!
You die...

## #.# .. ..####
.. .....# ##. #
.##.... .. #.
..... .. #. ...#
. ###.#..# .###
##....@###...###
........†oaO.....
....g####.)##.##
.... ##h# ##. ...
# ..#$. #.# ..#
.. .# #.. #


You could see an ogre, a worker ant, an orc priest, a jackal and a goblin.

Vanquished Creatures
  A leopard gecko (D:1)
  3 bats
  3 goblins
  3 jackals
  2 frilled lizards (D:1)
  A kobold (D:1)
  2 rats (D:1)
15 creatures vanquished.

Vanquished Creatures (collateral kills)
  2 orcs (D:3)
  A giant cockroach (D:3)
3 creatures vanquished.

Vanquished Creatures (others)
  An orc priest (D:3)
1 creature vanquished.

Grand Total: 19 creatures vanquished

Notes
Turn   | Place    | Note
-------+----------+-------------------------------------------
     0 | D:1      | Maedhros the Octopode Artificer began the quest for the
                  | Orb.
     0 | D:1      | Reached XP level 1. HP: 13/13 MP: 3/3
    68 | D:1      | Reached skill level 1 in Unarmed Combat
    70 | D:1      | Reached XP level 2. HP: 6/18 MP: 4/4
   475 | D:3      | Noticed an ogre
   485 | D:3      | Killed from afar by an orc priest

Levels and vault maps discovered:
D:1:      ncdulo_watergridlock, layout_basic, minmay_octomino_j4
D:2:      layout_loops_ring, makhleb_grotto_becter, lemuel_doored_altar,
          yredelemnul_altar_generic, serial_forest,
          infiniplex_forest_clump_diagonal, infiniplex_forest_fountain,
          infiniplex_forest_straight_2, infiniplex_forest_diagonal,
          infiniplex_forest_lined_ring, infiniplex_forest_diagonal,
          infiniplex_forest_clump_medium, uniq_jessica
D:3:      layout_rooms, nicolae_overflow_crystal_walls, old_standard_altar,
          first_ration, minmay_misc_feat_diagonals, uniq_ijyb

Skill      XL: |  1 |
---------------+----+-----
Unarmed Combat | 1 |  1.9
Stealth        | 2 |  2.4
Fighting       | |  1.0
Short Blades   | |  1.0
Dodging        | |  2.0
Evocations     | |  3.2

Action                   || total
-------------------------++-------
Melee: Short sword       ||    35
       Constrict         ||    13
       Tentacles         ||     5
       Punch             ||     1
Evoke: Wand              ||     5
 Stab: Sleeping          ||     1
Armor: Skin              ||     4
Dodge: Dodged            ||    26

Table legend:
 A = Non-vault XP
 B = Vault XP
 C = Vault XP percentage of total XP
 D = Non-vault monster count
 E = Vault monster count
 F = Vault count percentage of total count
                 A         B        C        D         E       F
            +---------+---------+-------+---------+---------+-------
      Total |      31 |       0 |   0.0 |      18 |       0 |   0.0
            +---------+---------+-------+---------+---------+-------
        D:1 |      18 |       0 |   0.0 |      11 |       0 |   0.0
        D:2 |       3 |       0 |   0.0 |       2 |       0 |   0.0
        D:3 |      10 |       0 |   0.0 |       5 |       0 |   0.0
            +---------+---------+-------+---------+---------+-------
